 Dungeon Crawl Stone Soup version 0.27.0-1-g7a089689b8 (webtiles) character file.

Game seed: 2192754802388731589

137 Spaninq the Shooter (level 5, -1/27 (30) HPs)
             Began as a Deep Elf Arcane Marksman on Aug 4, 2021.
             Slain by a hound (2 damage)
             ... on level 4 of the Dungeon.
             The game lasted 00:13:05 (5150 turns).

Spaninq the Shooter (Deep Elf Arcane Marksman)      Turns: 5150, Time: 00:13:05

HP:   -1/27 (30)    AC:  3    Str:  8    XL:     5   Next: 0%
MP:   9/9           EV: 12    Int: 18    God:
Gold: 93            SH:  0    Dex: 15    Spells: 5/7 levels left

rFire    . . .     SeeInvis .   f - +0 falchion
rCold    . . .     Faith    .   (no shield)
rNeg     . . .     Spirit   .   d - +0 robe
rPois    +         Reflect  .   (no helmet)
rElec    .         Harm     .   (no cloak)
rCorr    .         Rampage  .   m - +0 pair of gloves
Will     .....                  (no boots)
Stlth    +.........             (no amulet)
HPRegen  0.09/turn              h - ring of poison resistance
MPRegen  0.11/turn              (no ring)

@: heavily drained
A: no striking features
a: no special abilities


You were on level 4 of the Dungeon.
You visited 1 branch of the dungeon, and saw 4 of its levels.

You collected 93 gold pieces.

Inventory:

Hand Weapons
 a - a +0 shortbow
 f - a +0 falchion (weapon)
Missiles
 c - 29 arrows
Armour
 d - a +0 robe (worn)
 e - a +0 scale mail
 m - a +0 pair of gloves (worn)
Jewellery
 h - a ring of poison resistance (left hand)
Scrolls
 g - a scroll of amnesia
 j - a scroll of identify
Potions
 b - a potion of brilliance


   Skills:
 + Level 2.2 Fighting
 * Level 5.9 Bows
 - Level 2.4 Dodging
 - Level 1.5 Spellcasting
 - Level 4.0 Hexes


You had 5 spell levels left.
You knew the following spells:

 Your Spells              Type           Power      Damage    Failure   Level
b - Slow                  Hex            15%        N/A       5%          2

Your spell library contained the following spells:

 Spells                   Type           Power      Damage    Failure   Level
 Corona                   Hex            16%        N/A       3%          1
 Inner Flame              Hex/Fire       8%         N/A       26%         3
 Portal Projectile        Hex/Tloc       16%        N/A       26%         3
 Cause Fear               Hex            7%         N/A       36%         4
 Frozen Ramparts          Ice            2%         1d2       50%         3
 Ice Form                 Ice/Tmut       1%         N/A       88%         4
 Passage of Golubria      Tloc           N/A        N/A       88%         4
 Summon Ice Beast         Ice/Summ       1%         N/A       88%         4
 Silence                  Hex/Air        4%         N/A       93%         5
 Lehudib's Crystal Spear  Conj/Erth      0%         10d2      100%        8


Dungeon Overview and Level Annotations

Branches:
Dungeon (4/15)
 Temple: D:4-7

Altars:
Kikubaaqudgha


Message History

The hound is heavily wounded.
The hound bites you. x2
You hit the hound but do no damage.
The hound is heavily wounded.
The hound bites you.
* * * LOW HITPOINT WARNING * * *
The hound bites you.
* * * LOW HITPOINT WARNING * * *
You feel better. The hound completely misses you.
You hit the hound but do no damage.
The hound is heavily wounded.
The hound bites you.
* * * LOW HITPOINT WARNING * * *
The hound closely misses you.
You riposte.
You hit the hound but do no damage.
The hound is heavily wounded.
You miss the hound.
The hound is heavily wounded.
The hound bites you.
* * * LOW HITPOINT WARNING * * *
The hound barely misses you.
You riposte.
You completely miss the hound.
The hound is heavily wounded.
You barely miss the hound.
The hound is heavily wounded.
The hound bites you but does no damage. The hound bites you.
* * * LOW HITPOINT WARNING * * *
You barely miss the hound.
The hound is heavily wounded.
The hound closely misses you.
You riposte.
You barely miss the hound.
The hound is heavily wounded.
The hound barely misses you.
You barely miss the hound.
The hound is heavily wounded.
The hound barely misses you.
You riposte.
You closely miss the hound.
The hound is heavily wounded.
The hound barely misses you.
You riposte.
You closely miss the hound.
The hound is heavily wounded.
You hit the hound but do no damage.
The hound is heavily wounded.
The hound bites you but does no damage. The hound bites you.
You die...

################
###..............#
....############.# ##..#
*****#@#*** #..#
#......h..#** #..#
#.####......#******* #..# *,*
#..#.#...,,,,,* ##..#
###**,***#.>#....#****,*
#...###..,,,,,,...#,...* *,*
.###)##.#**,***#...,,..# *,*
## ##<#.# *,#######,,[.#
*,**** #
#.#.###....,,,,,,,,*****,,,,,


You could see a hound.

Vanquished Creatures
  A hound (D:3)
  3 adders
  3 worms (D:2)
  3 dart slugs
  An orc (D:3)
  4 ball pythons
  3 bats
  6 endoplasms
  4 giant cockroaches
  4 hobgoblins
  4 jackals (D:1)
  3 kobolds
  3 quokkas
  4 frilled lizards
  10 goblins
  6 rats
62 creatures vanquished.

Notes
Turn   | Place    | Note
-------+----------+-------------------------------------------
     0 | D:1      | Spaninq the Deep Elf Arcane Marksman began the quest for
                  | the Orb.
     0 | D:1      | Reached XP level 1. HP: 11/11 MP: 5/5
    67 | D:1      | Reached skill level 3 in Bows
   107 | D:1      | Reached skill level 1 in Fighting
   121 | D:1      | Reached XP level 2. HP: 7/16 MP: 6/6
  1031 | D:1      | Reached skill level 4 in Bows
  1234 | D:1      | Learned a level 2 spell: Slow
  1262 | D:1      | Reached XP level 3. HP: 18/20 MP: 7/7
  2495 | D:2      | Reached skill level 5 in Bows
  2495 | D:2      | Reached XP level 4. HP: 26/26 MP: 8/8
  4403 | D:4      | Found an ancient bone altar of Kikubaaqudgha.
  4578 | D:2      | HP: 1/23 [wight (9)]
  4957 | D:4      | Reached XP level 5. HP: 27/27 MP: 9/9
  5147 | D:4      | HP: 1/27 [hound (3)]
  5150 | D:4      | Slain by a hound

Illustrated notes

Levels and vault maps discovered:
D:1:      minmay_arrival_plants_in_alcoves, layout_loops_corners, serial_forest,
          infiniplex_forest_lined_room_, infiniplex_forest_end_2,
          infiniplex_forest_end_2, infiniplex_forest_lined_3,
          infiniplex_forest_clump_curved, infiniplex_forest_straight_4,
          infiniplex_forest_end_2
D:2:      layout_basic
D:3:      layout_basic, glass_columns_a
D:4:      cheibrodos_quashed, layout_loops_ring, old_standard_altar,
          gammafunk_ghost_cemetery

Skill      XL: |  1  2  3  4 |
---------------+-------------+-----
Bows           | 3 4 5 |  5.9
Fighting       | 1 2 |  2.2
Dodging        | |  2.4
Spellcasting   | |  1.5
Hexes          | |  4.0

Action                   |  1- 3 |  4- 6 || total
-------------------------+-------+-------++-------
Melee: Falchion          |    37 |    54 ||    91
 Fire: Shortbow          |    94 |    74 ||   168
 Cast: Slow              |     3 |     7 ||    10
  Use: Scroll            |       |     8 ||     8
       Potion            |       |     2 ||     2
 Stab: Sleeping          |       |     1 ||     1
Armor: Robe              |     5 |    17 ||    22
Dodge: Dodged            |    34 |    66 ||   100
       Rpst.: Falchion   |     5 |    28 ||    33
